 Dungeon Crawl Stone Soup version 0.29.1-13-g9f3cf754e1 (webtiles) character file.

Game seed: 101448161752307215

18 H0rd4k the Charlatan (level 2, -1/19 HPs)
             Began as an Octopode Artificer on Feb 7, 2023.
             Frozen to death by an endoplasm (7 damage)
             ... on level 2 of the Dungeon.
             The game lasted 00:00:34 (1303 turns).

H0rd4k the Charlatan (Octopode Artificer)           Turns: 1303, Time: 00:00:37

Health: -1/19      AC:  1    Str: 11    XL:     2   Next: 70%
Magic:  3/3        EV: 13    Int: 13    God:
Gold:   25         SH:  0    Dex: 12    Spells: 3/3 levels left

rFire   + . .      SeeInvis .   (no weapon)
rCold   x . .      Faith    .   (no shield)
rNeg    . . .      Spirit   .   (helmet restricted)
rPois   .          Reflect  .   (no amulet)
rElec   .          Harm     .   j - ring of fire
rCorr   .          Rampage  .   (no ring)
Will    .....                   (no ring)
Stlth   +++.......              (no ring)
HPRegen 0.06/turn               (no ring)
MPRegen 0.08/turn               (no ring)
                                (no ring)
                                (no ring)

@: no status effects
A: almost no armour, amphibious, 8 rings, camouflage 1, gelatinous body 1,
(nimble swimmer 1), tentacles
a: no special abilities


You were on level 2 of the Dungeon.
You visited 1 branch of the dungeon, and saw 2 of its levels.

You collected 25 gold pieces.

Inventory:

Magical Staves
 e - a staff of conjuration
Jewellery
 j - a ring of fire (left tentacle)
Wands
 b - a wand of flame (15) (quivered)
 c - a wand of charming (15)
 d - a wand of iceblast (5)
Scrolls
 f - a scroll of teleportation {unknown}
 g - 2 scrolls of identify {unknown}
 h - a scroll of immolation {unknown}
Potions
 a - a potion of ambrosia {unknown}
 i - 2 potions of curing {unknown}
 k - a potion of brilliance {unknown}


   Skills:
 * Level 1.7 Fighting
 - Level 2.3 Dodging
 - Level 1.3 Stealth
 + Level 0.5 Unarmed Combat
 * Level 1.3 Spellcasting
 - Level 3.2 Evocations


You had 3 spell levels left.
You didn't know any spells.
Your spell library was empty.

Dungeon Overview and Level Annotations

Branches:
Dungeon (2/15)

Altars:


Innate Abilities, Weirdness & Mutations

You cannot wear most types of armour.
You are amphibious.
You can wear up to eight rings at the same time.
Your skin changes colour to match your surroundings (Stealth+).
Your rubbery body absorbs attacks. (AC +1, EV +1)
((You are camouflaged when in or above water. (Stealth+)))
You have tentacles for arms and can constrict up to eight enemies at once.


Message History

You constrict the goblin. The goblin misses you.
You tentacle-slap the goblin.
You kill the goblin!
No target in view!
No target in view!
Key pressed, stopping explore.
Key pressed, stopping explore.
No target in view!
An endoplasm comes into view.
A quokka comes into view.
Found 11 gold pieces.
There are monsters nearby!
There are monsters nearby!
A dart slug comes into view.
There are monsters nearby!
The endoplasm quivers.
The quokka bites you.
There are monsters nearby!
You barely miss the quokka. You grab the quokka.
Your squeeze misses the quokka.
You constrict the quokka, but do no damage.
The quokka bites you.
You tentacle-slap the quokka. You squeeze the quokka.
You kill the quokka!
There are monsters nearby!
A goblin comes into view. It is wielding a +0 dagger.
The endoplasm closely misses you.
There are monsters nearby!
You tentacle-slap the endoplasm but do no damage.
The endoplasm barely misses you.
There are monsters nearby!
You tentacle-slap the endoplasm.
The endoplasm is moderately wounded.
The endoplasm hits you.
You barely miss the endoplasm.
The endoplasm is moderately wounded.
The dart slug launches a dart at you. The slug dart hits you.
The endoplasm freezes you.
You are frozen!
You feel a terrible chill!
You die...

#..#.# #..#.#
#.)#.# #.<#^#
##.#.# #
#..#.######.#
#.$......w..#
#.#.........#
#....@......#
#.#..J......#
#.+..........
#.#.........#
#...........#
....$......#
#...........#
#.#.....g...#


You could see a dart slug, an endoplasm and a goblin (asleep).

Vanquished Creatures
  A ball python (D:1)
  2 endoplasms (D:1)
  2 goblins
  3 hobgoblins (D:1)
  A kobold (D:1)
  A quokka (D:2)
  4 bats (D:1)
  2 rats (D:1)
16 creatures vanquished.

Notes
Turn   | Place    | Note
-------+----------+-------------------------------------------
     0 | D:1      | H0rd4k the Octopode Artificer began the quest for the Orb.
     0 | D:1      | Reached XP level 1. HP: 13/13 MP: 1/1
   666 | D:1      | Reached XP level 2. HP: 14/18 MP: 3/3
   735 | D:1      | Reached skill level 1 in Spellcasting
  1303 | D:2      | Frozen to death by an endoplasm

Illustrated notes

Levels and vault maps discovered:
D:1:      lightli_arrival_maybe_door_vault, layout_loops_ring
D:2:      layout_basic, minmay_misc_feat_rugged, nicolae_shop_vocational

Skill      XL: |  1  2 |
---------------+-------+-----
Spellcasting   | 1 |  1.3
Fighting       | |  1.7
Dodging        | |  2.3
Stealth        | |  1.3
Unarmed Combat | |  0.5
Evocations     | |  3.2

Action                   || total
-------------------------++-------
Melee: Unarmed           ||    40
       Constrict         ||    12
       Tentacles         ||     7
 Stab: Sleeping          ||     6
Armor: Skin              ||     3
Dodge: Dodged            ||    18
